AoeStats
← PILLOSAURIO

Arabia

510395988Analyzed
1v1 RM · 2d ago on Sep 30, 2026· 41m 44s· 2 players
Game mode
Random Map
Map size
Tiny (2 player)
Population
200
Speed
Normal
Resources
Standard
Victory
Conquest
Starting age
Dark Age
Ending age
Imperial Age
RankedLock teamsTeams togetherTeam positionsShared explorationLock speedFull tech treeHidden civsTurbo modeCheats
Victory
Defeat
🇨🇱 Aztecs · Chile
1354
+15
🇪🇸 Byzantines · Spain
1329
-15
PILLOSAURIO
6:46 Loom
6:57 Loom
9:13 Feudal Age
9:44 Double-Bit Axe
22:27 Castle Age
20:35 Horse Collar
22:22 Gold Mining
23:07 Scale Barding Armor
23:43 Bow Saw
23:52 Forging
26:24 Husbandry
28:20 Chain Barding Armor
28:24 Devotion
28:10 Light Cavalry
31:22 Iron Casting
31:01 Fletching
32:26 Wheelbarrow
32:59 Elite Skirmisher
33:56 Atonement
34:08 Fervor
34:50 Sanctity
34:43 Padded Archer Armor
34:40 Bodkin Arrow
Akron71
7:15 Loom
9:59 Feudal Age
10:02 Man-at-Arms
10:28 Double-Bit Axe
16:29 Wheelbarrow
16:03 Horse Collar
20:37 Castle Age
20:33 Forging
20:48 Gold Mining
22:30 Bow Saw
24:32 Scale Mail Armor
26:09 Sanctity
27:16 Fervor
27:34 Hand Cart
27:04 Town Watch
29:26 Atonement
30:02 Redemption
31:16 Stone Mining
32:14 Chain Mail Armor
32:35 Iron Casting
31:37 Pikeman
34:36 Stone Shaft Mining
34:37 Gold Shaft Mining
39:28 Imperial Age
38:05 Arson
42:00 Theocracy
41:51 Illumination
41:41 Block Printing
42:34 Plate Mail Armor
43:05 Blast Furnace
42:03 Murder Holes
42:14 Siege Engineers
42:30 Ballistics
Connection lost

Rejoining the realm…

Still unreachable

The connection could not be restored.

Session expired

The server has moved on; the page needs a fresh start.